[Event "FAI-ch 2020"]
[Site "Runavik"]
[Date "2020.10.23"]
[Round "1.4"]
[White "Apol, Luitjen Akselsson"]
[Black "Simonsen, Hans Kristian"]
[Result "1-0"]
[ECO "B07"]
[WhiteElo "2126"]
[BlackElo "2147"]
[Annotator "RC"]
[PlyCount "53"]
[EventDate "2020.10.23"]
[EventType "tourn"]
[EventCountry "FAI"]
[SourceTitle "playchess.com"]
[Source "ChessBase"]
[SourceQuality "1"]
[TimeControl "40/5400+30:900+30"]

1. e4 d6 2. d4 Nf6 3. Nc3 g6 4. Bg5 Bg7 5. Qd2 h6 6. Bf4 g5 7. Bg3 Nh5 8. O-O-O Nd7 9. e5 Nxg3 10. hxg3 Nb6 11. f4 Bg4 12. Be2 Bxe2 13. Qxe2 Qd7 14. Nf3 O-O-O 15. Nd2 dxe5 16. dxe5 Qf5 17. Qf3 f6 18. e6 g4 19. Qe2 Qg6 20. Nc4 c6 21. Nxb6+ axb6 22. Qe3 f5 23. Na4 b5 24. Nb6+ Kc7 25. Nd7 Ra8 26. Qb6+ Kc8 27. Nc5 1-0

[Event "FAI-ch 2020"]
[Site "Runavik"]
[Date "2020.10.24"]
[Round "2.4"]
[White "Jacobsen, Heidrikur T."]
[Black "Gregersen, Hedin"]
[Result "0-1"]
[ECO "A48"]
[WhiteElo "1873"]
[BlackElo "1804"]
[Annotator "NA RC"]
[PlyCount "88"]
[EventDate "2020.10.23"]
[EventType "tourn"]
[EventCountry "FAI"]
[SourceTitle "playchess.com"]
[Source "ChessBase"]
[SourceQuality "1"]
[TimeControl "40/5400+30:900+30"]

1. Nf3 Nf6 2. d4 g6 3. c4 Bg7 4. Nc3 O-O 5. e4 d6 6. h3 e5 7. dxe5 dxe5 8. Qxd8 Rxd8 9. Bg5 c6 10. Be2 h6 {[%emt 0:01:28] E92: King's Indian: Classical: 6 Be2 e5: 7 dxe5, 7 Be3 and Petrosian System without 7...Nbd7.} 11. Be3 Be6 12. O-O Na6 13. a3 Nh5 14. Rfd1 Nf4 15. Bf1 {[%emt 0:10:51] [#]} b6 $146 ({Predecessor:} 15... f5 16. Rxd8+ Rxd8 17. Bxa7 c5 18. Re1 Re8 19. g3 fxe4 20. Nxe4 Nxh3+ 21. Kh2 Bg4 22. Bxh3 Bxf3 23. Nxc5 Nxc5 24. Bxc5 {0-1 (43) Soloveychik,S-Bourmistrov,D Churchill 2000}) 16. b4 Nc7 17. Kh2 f5 18. Bxf4 exf4 19. e5 Bf7 20. Rac1 Re8 (20... Ne6 $15) 21. Rd7 (21. Rd6 $14) 21... Ne6 22. Rcd1 Nf8 23. Rc7 Rxe5 24. Rxc6 Re7 25. Nd5 Rd7 26. Re1 Re8 27. Rxe8 Bxe8 28. Rc8 Bf7 29. Be2 g5 30. Bd3 Be6 31. Rc6 Kf7 32. Bc2 Ng6 33. Nc7 Re7 34. Bb3 Nf8 35. Nxe6 Nxe6 36. c5 bxc5 37. bxc5 Bc3 38. Kg1 ({White should try} 38. Rd6 $18 g4 39. c6 gxf3 40. Bxe6+ Kg7 41. Bxf5 (41. gxf3 Be5 $14)) 38... g4 39. hxg4 fxg4 40. Nh2 h5 41. Kf1 (41. Nf1 $11) 41... Kf6 42. Ke2 (42. Kg1 $17 {keeps fighting.}) 42... Ke5 43. Kd3 {[%emt 0:07:39] [#]} Bb2 $2 (43... Be1 $1 $19 44. Rxe6+ Rxe6) 44. Rd6 $2 (44. Bxe6 $11 Rxe6 45. Rc7) 44... Nxc5+ $19 {Double Attack} 0-1

[Event "FAI-ch 2020"]
[Site "Runavik"]
[Date "2020.10.24"]
[Round "3.2"]
[White "Danielsen, Andrias"]
[Black "Jacobsen, Heidrikur T."]
[Result "0-1"]
[ECO "B06"]
[WhiteElo "1886"]
[BlackElo "1873"]
[Annotator "NA RC"]
[PlyCount "108"]
[EventDate "2020.10.23"]
[EventType "tourn"]
[EventCountry "FAI"]
[SourceTitle "playchess.com"]
[Source "ChessBase"]
[SourceQuality "1"]
[TimeControl "40/5400+30:900+30"]

1. e4 g6 2. d4 Bg7 3. Nc3 d6 4. f4 c6 5. Nf3 Bg4 6. e5 {[%emt 0:14:29] B06: Modern Defence.} dxe5 {[%emt 0:03:36] [#]} 7. dxe5 $146 ({Predecessor:} 7. fxe5 Nh6 8. Ne4 Bxf3 9. gxf3 Nf5 10. c3 Qb6 11. Bh3 Na6 12. Qe2 Nc7 13. a4 Ne6 {½-½ (75) Kucera,J (2017)-Kansky,P (2108) Czechia 2011}) 7... Qxd1+ 8. Kxd1 Bxf3+ 9. gxf3 e6 10. Bc4 Ne7 11. Ne4 Nf5 12. c3 Nd7 13. a4 O-O-O 14. Ke2 h6 15. Be3 Kb8 (15... g5 $5 16. Nd6+ (16. Bxa7 gxf4 17. Nd6+ Nxd6 $15) 16... Nxd6 17. exd6 gxf4 18. Bxf4 Be5 $15) 16. Rad1 Nb6 17. Bxb6 axb6 18. Ng3 Ne7 19. Ne4 Nf5 20. Ng3 Nxg3+ (20... Nh4 $1 $15 21. Ke3 Rhe8) 21. hxg3 Kc7 22. Rd3 Rxd3 23. Bxd3 h5 24. Ke3 Bf8 25. g4 Bc5+ 26. Ke4 h4 27. Rh3 Bf2 28. f5 gxf5+ 29. gxf5 Bg3 30. Bc4 (30. f4 $11 {keeps the balance.}) 30... Rh5 31. fxe6 Rxe5+ 32. Kd4 c5+ (32... fxe6 $17 33. Kd3 Kd6) 33. Kd3 fxe6 34. Rh1 Kd6 35. Kd2 Rh5 36. Bf1 Rd5+ 37. Kc2 Ke5 38. Bh3 Rd6 39. Bg4 Kf4 40. b4 $2 (40. Rd1 $17 Rxd1 41. Kxd1) 40... c4 41. a5 b5 42. Rd1 Rxd1 43. Kxd1 e5 44. Bc8 Kxf3 45. Bxb7+ e4 46. a6 Bf2 47. Bc8 Ba7 48. Ke1 Ke3 49. Bd7 Kd3 50. Bf5 Kxc3 51. Bxe4 Kxb4 $19 52. Kd2 Kb3 53. Bd5 Kb2 54. Kd1 c3 0-1

[Event "FAI-ch 2020"]
[Site "Runavik"]
[Date "2020.10.25"]
[Round "4.4"]
[White "Gregersen, Hedin"]
[Black "Danielsen, Andrias"]
[Result "1-0"]
[ECO "A00"]
[WhiteElo "1804"]
[BlackElo "1886"]
[Annotator "NA RC"]
[PlyCount "79"]
[EventDate "2020.10.23"]
[EventType "tourn"]
[EventCountry "FAI"]
[SourceTitle "playchess.com"]
[Source "ChessBase"]
[SourceQuality "1"]
[TimeControl "40/5400+30:900+30"]

1. g3 g6 2. Bg2 Bg7 3. e4 d6 4. d4 Nf6 5. Nc3 O-O 6. Nge2 c6 7. O-O Nbd7 8. h3 e5 9. d5 {[%emt 0:05:39] [#] B07: Pirc Defence: Miscellaneous Systems.} c5 $146 ({Predecessor:} 9... Qc7 10. dxc6 bxc6 11. Be3 Nb6 12. b3 Bb7 13. a4 a5 14. Qd2 Rfd8 15. f4 d5 16. fxe5 Nxe4 17. Nxe4 dxe4 {0-1 (26) Kovacs,B (1831)-Laszlo,I (2158) Dunaujvaros 2013}) 10. f4 (10. Bg5 $14) 10... exf4 11. gxf4 a6 12. a4 Nh5 13. Qe1 Rb8 14. Bf3 b5 15. axb5 axb5 16. Bxh5 gxh5 17. Kh2 (17. e5 $11) 17... b4 18. Nd1 {[%emt 0:02:15] [#]} c4 $2 (18... Nf6 $1 $17 {and life is bright.} 19. Rg1 Nxe4) 19. Rg1 Kh8 20. Rxg7 ({Resist} 20. Qg3 $6 Rg8 $16) 20... Kxg7 21. Be3 Rg8 22. Ng3 Nf6 (22... Kf8 $15 23. Nf5 Nf6) 23. Bd4 Kf8 24. Ne3 {[%emt 0:00:44] [#]} h4 (24... c3 $1 $15) 25. Ngf5 Nxe4 26. Ra7 Rg6 27. Ne7 Rg3 28. N3f5 Bxf5 29. Nxf5 Ng5 (29... Qe8 $142 30. Re7 Qxe7 31. Nxe7 Re8) 30. fxg5 Qxg5 {[%emt 0:00:01] [#]} 31. Rxf7+ $1 {[%emt 0:04:14] Remove Defender} Kxf7 32. Qe6+ Kf8 33. Qxd6+ {[%emt 0:00:06] Double Attack} Kf7 34. Qe6+ Kf8 35. Bg7+ $2 (35. Bc5+ {mates} Qe7 36. Qf6+ {[%mdl 64] Double Attack, Pin} Kg8 37. Nxe7#) 35... Qxg7 36. Nxg7 b3 37. c3 (37. Qf6+ $142 Kg8 {[#]} 38. Nf5 $1 {[%mdl 576] Double Attack}) 37... Ra8 {[%emt 0:00:53] [#]} 38. Qf6+ $2 (38. Nf5 $1 {mates} Rg6 39. Qe7+ Kg8 40. Qxh4 Rf8 41. Ne7+ {[%mdl 64] Double Attack} Kf7 42. Nxg6 Kxg6 43. d6) 38... Kg8 {[%emt 0:00:23] [#]} 39. Nf5 $1 {[%emt 0:00:28] Double Attack} h5 40. Nxg3 1-0